 Dungeon Crawl Stone Soup version 0.30.0-5-g1a98f26d00 (webtiles) character file.

Game seed: 13662439794315656508

5075 zlionsfan the Basher (level 10, -6/100 HPs)
             Began as a Troll Fighter on May 11, 2023.
             Was a Believer of Makhleb.
             Mangled by a gnoll
             ... wielding a +0 halberd
              (14 damage)
             ... in a bailey on May 12, 2023.
             The game lasted 00:27:42 (5908 turns).

zlionsfan the Basher (Troll Fighter)                Turns: 5908, Time: 00:27:43

Health: -6/100     AC:  4    Str: 30    XL:     10   Next: 31%
Magic:  0/9        EV:  5    Int: 10    God:    Makhleb [**....]
Gold:   327        SH:  0    Dex:  9    Spells: 9/9 levels left

rFire   . . .        e - +4 great mace
rCold   . . .        (shield currently unavailable)
rNeg    . . .        b - +0 robe
rPois   +            (helmet restricted)
rElec   .            (no cloak)
rCorr   .            (gloves unavailable)
SInv    .            (boots unavailable)
Will    .....        r - amulet of guardian spirit
Stlth   +            t - +6 ring of intelligence
HPRegen 1.16/turn    y - ring of poison resistance
MPRegen 0.11/turn

%: guardian spirit
@: held
A: large, unfitting armour, claws 3, regeneration 1, shaggy fur 1, tough skin 1
a: Renounce Religion, Minor Destruction


You were in a bailey.
You worshipped Makhleb.
Makhleb was pleased with you.
You visited 2 branches of the dungeon, and saw 9 of its levels.
You also visited: Bailey.

You collected 327 gold pieces.

Inventory:

Hand Weapons
 a - a +0 war axe
 e - a +4 great mace (weapon)
 q - the +4 dagger of Susod {flame, rElec Will+ rCorr}
   (You found it on level 5 of the Dungeon)

   rElec:     It insulates you from electricity.
   rCorr:     It protects you from acid and corrosion.
   Will:      It increases your willpower.
Missiles
 g - 9 boomerangs
 o - 3 curare-tipped darts
 D - 3 throwing nets
 E - 7 large rocks (quivered)
Armour
 b - a +0 robe (worn)
 c - a +0 kite shield
Jewellery
 r - an amulet of guardian spirit (around neck)
 t - a +6 ring of intelligence (left claw)
 y - a ring of poison resistance (right claw)
Wands
 f - a wand of polymorph (3)
 w - a wand of quicksilver (11)
 B - a wand of roots (1)
Scrolls
 i - 4 scrolls of vulnerability
 u - a scroll of noise
 v - a scroll of magic mapping {unknown}
 C - a scroll of immolation {unknown}
 F - 2 scrolls of amnesia
 G - 3 scrolls of teleportation
 I - 2 scrolls of fear
Potions
 d - 5 potions of might
 j - 2 potions of brilliance {unknown}
 k - a potion of flight {unknown}
 l - 3 potions of mutation
 m - a potion of berserk rage {unknown}
 n - a potion of invisibility {unknown}
 p - 3 potions of haste
 s - 3 potions of lignification {unknown}
 x - a potion of resistance {unknown}
 z - 2 potions of ambrosia {unknown}


   Skills:
 * Level 6.4 Fighting
 + Level 5.3(7.3) Axes
 * Level 8.6(9.4) Maces & Flails
 + Level 0.7 Throwing
 + Level 4.5 Dodging
 + Level 0.7 Stealth
 * Level 5.7 Shields


You had 9 spell levels left.
You didn't know any spells.
Your spell library contained the following spells:

 Spells                   Type           Power      Damage    Failure   Level
 Slow                     Hex            0%         N/A       36%         1
 Confusing Touch          Hex            0%         N/A       75%         3
 Hailstorm                Conj/Ice       0%         3d3       75%         3
 Tukima's Dance           Hex            0%         N/A       75%         3
 Vampiric Draining        Necr           0%         2d6       75%         3
 Ice Form                 Ice/Tmut       0%         N/A       98%         4
 Passage of Golubria      Tloc           0%         N/A       98%         4
 Yara's Violent Unravell  Hex/Tmut       0%         3d3       100%        5
 Simulacrum               Ice/Necr       0%         N/A       100%        6
 Malign Gateway           Summ/Tloc      0%         N/A       100%        7
 Summon Horrible Things   Summ           0%         N/A       100%        8


Dungeon Overview and Level Annotations

Branches:
Dungeon (8/15)             Temple (1/1) D:7          Bailey (1/1)
   Lair: D:8-11

Altars:
Ashenzari
Cheibriados
Dithmenos
Elyvilon
Fedhas
Gozag
Hepliaklqana
Kikubaaqudgha
Makhleb
Nemelex Xobeh
Qazlal
Ru
Sif Muna
Trog
Uskayaw
Vehumet
Wu Jian
Xom
Yredelemnul
The Shining One

Annotations:
D:3 2 transporters, feetsoup's ghost, amateur GrEE


Innate Abilities, Weirdness & Mutations

You are too large for most types of armour.
You have claws for hands.
Your natural rate of healing is unusually fast.
You are covered in fur. (AC +1)
You have tough skin. (AC +1)


Message History

The gnoll barely misses you.
The gnoll hits you from afar with a +0 trident.
You struggle against the net.
The gnoll hits you but does no damage. The gnoll barely misses you.
The gnoll hits you from afar with a +0 trident.
* * * LOW HITPOINT WARNING * * *
Unknown command.
You rip the net and break free!
The gnoll hits you from afar with a +0 halberd.
* * * LOW HITPOINT WARNING * * *
The gnoll throws a throwing net.
The throwing net hits you.
You become entangled in the net!
The gnoll hits you from afar with a +0 trident!
* * * LOW HITPOINT WARNING * * *
You feel better.
The gnoll hits you from afar with a +0 halberd!
* * * LOW HITPOINT WARNING * * *
The gnoll barely misses you. The gnoll completely misses you.
As you read the scroll labelled OZAGUM CAOGH, it crumbles to dust.
You hear a loud clanging noise!
It was a scroll of noise.
You hear a howl!
You hear a shout! x2; You hear a howl!
You hear a shout!
You hear a howl!
You hear a shout!
You hear a howl!
You hear a shout! x2
You hear a howl!
You hear a shout! x10
The gnoll hits you from afar with a +0 halberd.
* * * LOW HITPOINT WARNING * * *
The gnoll hits you from afar with a +0 trident!
* * * LOW HITPOINT WARNING * * *
The gnoll hits you from afar with a +0 halberd.
* * * LOW HITPOINT WARNING * * *
You feel better.
The gnoll hits you from afar with a +0 halberd.
* * * LOW HITPOINT WARNING * * *
The gnoll completely misses you. The gnoll barely misses you.
This is a scroll of acquirement!
Something appears at your feet!
The gnoll hits you from afar with a +0 trident.
* * * LOW HITPOINT WARNING * * *
The gnoll hits you from afar with a +0 halberd!
You die... ##☼§§☼§## #§☼○§§§☼# #§○§8§§○# §○g☼§○☼ §ggg§ ggg

##§## #○@§#
#§☼○# #§☼§#
######○☼§######
......☼○§☼☼.....
≈....☼☼○§§☼☼....
≈≈≈≈≈○☼§☼§☼☼≈≈≈≈
♣...§§○§§○§☼☼...
♣♣♣...........♣♣


You could see a gnoll sergeant (swift), a gnoll bouda and 5 gnolls.

Vanquished Creatures
  A cyclops (D:7)
  Psyche (D:8)
  A hornet (D:7)
  2 wyverns (D:8)
  A wraith (D:7)
  4 yaks (D:8)
  Edmund (D:4)
  2 water moccasins (D:7)
  3 orc warriors
  A sky beast (D:7)
  A black bear (D:7)
  3 ogres
  2 centaurs (D:7)
  3 lemures
  2 phantoms
  2 kobold brigands
  4 bullfrogs
  A gnoll sergeant (D:6)
  3 scorpions
  3 killer bees (D:8)
  2 jellies
  5 hounds
  2 orc priests (D:3)
  4 gnoll boudas
  2 iguanas
  6 orc wizards
  The ghost of PerfectTommy the Sneak, a weakling HuDe of Cheibriados (D:5)
  A mummy (D:4)
  26 gnolls
  10 adders
  A shadow imp (D:7)
  2 white imps
  A worm (D:4)
  4 dart slugs
  32 orcs
  7 endoplasms
  7 giant cockroaches
  10 goblins
  7 hobgoblins
  2 quokkas
  10 ball pythons
  12 bats
  6 frilled lizards
  18 kobolds
  4 rats
223 creatures vanquished.

Vanquished Creatures (others)
  Pikel (D:6)
  An orc wizard (D:6)
  A gnoll (D:6)
  An adder (D:6)
  4 orcs (D:6)
8 creatures vanquished.

Grand Total: 231 creatures vanquished

Notes
Turn   | Place    | Note
-------+----------+-------------------------------------------
     0 | D:1      | zlionsfan the Troll Fighter began the quest for the Orb.
     0 | D:1      | Reached XP level 1. HP: 22/22 MP: 0/0
   116 | D:1      | Reached XP level 2. HP: 29/29 MP: 1/1
   326 | D:1      | Reached XP level 3. HP: 34/36 MP: 2/2
   982 | D:2      | Reached XP level 4. HP: 21/44 MP: 3/3
  1267 | D:3      | Found a white marble altar of Elyvilon.
  1333 | D:3      | Reached XP level 5. HP: 25/53 MP: 4/4
  1469 | D:3      | Noticed feetsoup's ghost (amateur GrEE)
  1493 | D:3      | Found a transporter.
  1496 | D:3      | Found a transporter.
  1648 | D:3      | Found a shimmering blue altar of Sif Muna.
  1810 | D:3      | Found a sacrificial altar of Ru.
  1941 | D:4      | Found a snail-covered altar of Cheibriados.
  2044 | D:4      | Reached XP level 6. HP: 55/61 MP: 5/5
  2444 | D:4      | Noticed Edmund
  2454 | D:4      | Killed Edmund
  2455 | D:4      | Reached XP level 7. HP: 67/67 MP: 4/6
  2788 | D:5      | Entered Level 5 of the Dungeon
  2852 | D:5      | Found an ornate altar of the Wu Jian Council.
  2852 | D:5      | Found an ancient bone altar of Kikubaaqudgha.
  3016 | D:5      | Identified the +4 dagger of Susod {flame, rElec Will+
                  | rCorr}
  3108 | D:5      | Found a burning altar of Makhleb.
  3133 | D:5      | Became a worshipper of Makhleb the Destroyer
  3157 | D:5      | Noticed PerfectTommy's ghost (weakling HuDe)
  3160 | D:5      | Found a transporter.
  3309 | D:5      | Found a transporter.
  3329 | D:5      | Reached skill level 5 in Axes
  3359 | D:5      | Killed PerfectTommy's ghost
  3623 | D:6      | Reached XP level 8. HP: 73/78 MP: 5/7
  3823 | D:6      | Reached skill level 1 in Maces & Flails
  3857 | D:6      | Identified the +0 robe of Experimentation {Harm rF+ Dex+3}
  3861 | D:6      | Reached skill level 2 in Maces & Flails
  3942 | D:6      | Noticed Pikel
  4003 | D:5      | Reached skill level 3 in Maces & Flails
  4330 | D:6      | Killed Pikel
  4525 | D:7      | Noticed a hornet
  4619 | D:7      | Noticed a cyclops
  4641 | D:7      | Reached skill level 4 in Maces & Flails
  4642 | D:7      | Reached * piety under Makhleb
  4652 | D:7      | Killed a cyclops
  4653 | D:7      | Reached skill level 5 in Fighting
  4653 | D:7      | Reached skill level 5 in Maces & Flails
  4653 | D:7      | Reached XP level 9. HP: 35/88 MP: 2/8
  4735 | D:7      | Reached skill level 5 in Shields
  4751 | D:7      | Reached skill level 6 in Maces & Flails
  4974 | D:7      | Found a broken altar of Ashenzari.
  4995 | D:7      | Reached skill level 7 in Maces & Flails
  5237 | D:7      | Found a staircase to the Ecumenical Temple.
  5246 | Temple   | Entered the Ecumenical Temple
  5470 | D:7      | Noticed a brown ugly thing
  5562 | D:8      | Reached ** piety under Makhleb
  5579 | D:8      | Reached XP level 10. HP: 97/98 MP: 7/9
  5585 | D:8      | Reached skill level 8 in Maces & Flails
  5629 | D:8      | Noticed Psyche
  5654 | D:8      | Killed Psyche
  5754 | D:8      | Found a flagged portal.
  5803 | Bailey   | Entered a bailey
  5906 | Bailey   | HP: 4/100 [gnoll/+0 halberd (5)]
  5908 | Bailey   | Identified a scroll of acquirement
  5908 | Bailey   | Acquired the +6 great mace of Midsummer {flame, *Noise
                  | +Blink rN++ SInv}
  5908 | Bailey   | Mangled by a gnoll

Illustrated notes

Levels and vault maps discovered:
D:1:      dpeg_arrival_prison, layout_rooms, minmay_tetromino_s2
D:2:      minmay_skewed_foursquare, layout_basic, minmay_indecisive_spiral
D:3:      layout_basic, led_sif_book, marbit_many_paths,
          mainiacjoe_overflow_24_doors, gammafunk_ghost_arena
D:4:      layout_loops_ring, slow_altar_1, serial_bayou_pond_b, uniq_edmund
D:5:      layout_rooms, gammafunk_temple_overflow_elements,
          mainiacjoe_overflow_concentric_impassable, gammafunk_ghost_smash
D:6:      layout_basic, lemuel_flamethrower_2, uniq_pikel
D:7:      nzn_winding_woodlands_small [nzn_winding_woodlands_5x15_lazy_stream,
          nzn_winding_woodlands_center_diamonds,
          nzn_winding_woodlands_5x15_garden], layout_cave_pools,
          lemuel_crystal_altar, minmay_temple_entry_hall, grunt_potential
D:8:      layout_basic, zin_scriptorium, enter_bailey_5, minmay_misc_feat_tiny,
          uniq_psyche
Temple:   nicolae_temple_slightly_damp_pantheon
Bailey:   bailey_polearm_gnolls_kennysheep, bailey

Skill      XL: |  1  2  3  4  5  6  7  8  9 10 |
---------------+-------------------------------+-----
Shields        | 3 4 5 |  5.7
Axes           | 2 3 4 5 |  5.3
Dodging        | 3 4 |  4.5
Fighting       | 3 4 5 6 |  6.4
Maces & Flails | 5 7 8 |  8.6
Throwing       | |  0.7
Stealth        | |  0.7

Action                     |  1- 3 |  4- 6 |  7- 9 | 10-12 || total
---------------------------+-------+-------+-------+-------++-------
  Melee: War axe           |   123 |   172 |   133 |       ||   428
         Great mace        |       |       |   214 |    57 ||   271
         Unarmed           |       |       |       |     1 ||     1
  Throw: Boomerang         |     6 |       |       |       ||     6
         Throwing net      |       |     1 |     2 |       ||     3
         Dart              |       |     1 |       |       ||     1
         Large rock        |       |       |     9 |     4 ||    13
    Use: Potion            |       |     1 |     5 |     2 ||     8
         Scroll            |       |     1 |     8 |     3 ||    12
   Stab: Sleeping          |     1 |     1 |     1 |       ||     3
         Held in net/web   |       |     1 |       |       ||     1
 Armour: Robe              |    43 |    51 |   114 |    19 ||   227
         Skin              |       |       |       |     2 ||     2
  Dodge: Dodged            |    54 |    74 |   177 |    58 ||   363
  Block: Kite shield       |    58 |    81 |    47 |       ||   186
